 Dungeon Crawl Stone Soup version 0.29.0-15-g675c0067aa (webtiles) character file.

Game seed: 18271019221362887000

118 qw the Chopper (level 5, -11/32 HPs)
             Began as a Gargoyle Fighter on Sept 11, 2022.
             Mangled by an ogre
             ... wielding a +0 giant club
              (20 damage)
             ... on level 3 of the Dungeon.
             The game lasted 00:01:01 (3346 turns).

qw the Chopper (Gargoyle Fighter)                   Turns: 3346, Time: 00:01:02

Health: -11/32     AC: 15    Str: 22    XL:     5   Next: 2%
Magic:  5/5        EV:  7    Int:  8    God:
Gold:   129        SH:  4    Dex:  9    Spells: 4/4 levels left

rFire   . . .      SeeInvis .   Y - +0 war axe
rCold   . . .      Faith    .   c - +0 buckler
rNeg    + + .      Spirit   .   a - +0 chain mail
rPois   inf        Reflect  .   j - +2 hat
rElec   +          Harm     .   (no cloak)
rCorr   .          Rampage  .   (no gloves)
Will    .....                   (no boots)
Stlth   ..........              m - amulet of the acrobat
HPRegen 0.10/turn               h - ring of positive energy
MPRegen 0.09/turn               (no ring)

@: no status effects
A: sickness immunity, AC +4, negative energy resistance 1, electricity
resistance, torment resistance 1, petrification resistance
a: no special abilities


You were on level 3 of the Dungeon.
You visited 1 branch of the dungeon, and saw 4 of its levels.

You collected 129 gold pieces.


Innate Abilities, Weirdness & Mutations

You are immune to sickness and miasma.
Your stone body is resilient. (AC +4)
You are immune to poison.
You resist negative energy. (rN+)
You are resistant to electric shocks. (rElec)
You are resistant to unholy torment.
You are immune to petrification.


   Skills:
 - Level 3.2 Fighting
 + Level 4.5 Axes
 - Level 3.2 Armour
 - Level 3.2 Shields


You had 4 spell levels left.
You didn't know any spells.
Your spell library was empty.

Inventory:

Hand Weapons
 i - a +0 mace
 Y - a +0 war axe (weapon)
Armour
 a - a +0 chain mail (worn)
 c - a +0 buckler (worn)
 j - a +2 hat (worn)
Jewellery
 h - a ring of positive energy (left hand)
 m - an amulet of the acrobat (around neck)
Potions
 b - a potion of attraction {unknown}
 d - 3 potions of might
 e - a potion of heal wounds {unknown}
 f - a potion of brilliance {unknown}
 g - 2 potions of curing
 l - a potion of magic {unknown}

Dungeon Overview and Level Annotations

Branches:
Dungeon (4/15)
 Temple: D:4-7

Altars:

Shops:
D:1 [


Message History

You have reached level 5!
You start resting.
HP restored.
You see here a quokka corpse.
There is a stone staircase leading down here.
Things that are here:
a +0 club; a +0 whip You see here a +0 club.
You now have 129 gold pieces (gained 12).
Found a ring mail.
Done exploring.
Done exploring.
(D) Dungeon
Where to? (* - list waypoints, Enter - D:3, ? - help)
What level of the Dungeon? (default 1, ? - help)
There is a stone staircase leading down here.
You climb downwards.
There is a stone staircase leading up here.
Existing waypoints: (1) D:2 (2) D:3 Assign waypoint to what number? (0-9, D - delete waypoint) Waypoint 1 re-assigned from D:2 to D:4.
You open the door.
A hobgoblin and an ogre come into view.
The hobgoblin shouts!
The ogre shouts!
You hear a shout!
A scorpion comes into view.
3342 ||| STAIRDANCE The ogre hits you with a +0 giant club!!
Ouch! That really hurt!
You climb upwards.
There is a stone staircase leading down here.
You hit the ogre but do no damage. You slash the ogre!
The ogre is moderately wounded.
The ogre barely misses you.
You slash the ogre!
The ogre is severely wounded.
The ogre hits you with a +0 giant club!!
Ouch! That really hurt!
You die...

##.#.##'########## #.#.##.#
#....# ##%#.##.#####....#
.....##.....'....#
.....########....# ############
.....#...# #.#### #...........
.....#.#.# ##'########...........
.....#.#.###.....................
....##.#........@O..............[
######.#####...)........#########
####.# ###.########## #....# #.#
#### ###.#### #.## #... #....####
#..# #... #.......#######.####
#... #....#.............# #...
#....#.#..#.#.##.#.###### #...


You could see an ogre.

Vanquished Creatures
  6 adders
  A worm (D:2)
  A dart slug (D:3)
  4 orcs (D:3)
  3 bats
  2 endoplasms
  2 giant cockroaches (D:1)
  2 hobgoblins (D:3)
  4 jackals (D:1)
  6 quokkas
  3 frilled lizards (D:1)
  6 goblins
  8 kobolds
  6 rats
54 creatures vanquished.

Notes
Turn   | Place    | Note
-------+----------+-------------------------------------------
     0 | D:1      | qw the Gargoyle Fighter began the quest for the Orb.
     0 | D:1      | Reached XP level 1. HP: 14/14 MP: 1/1
     0 | D:1      | 0 ||| qw: Version: 0.1-a-119-g272c26d
     0 | D:1      | 0 ||| qw: Game counter: 10728
     0 | D:1      | 0 ||| qw: Always use a shield: true
     0 | D:1      | 0 ||| qw: God list: Okawaru
     0 | D:1      | 0 ||| qw: Allow faded altars: false
     0 | D:1      | 0 ||| qw: Do Orc after D:15 true
     0 | D:1      | 0 ||| qw: Do second Lair branch before Depths: true
     0 | D:1      | 0 ||| qw: Lair rune preference: random
     0 | D:1      | 0 ||| qw: Plans: Normal, Zot, God:TSO, Crypt, Tomb, Pan,
                  | Slime, Hells, Zig, Abyss, Orb
     0 | D:1      | 0 ||| PLANNING D:1-11
    46 | D:1      | Reached skill level 2 in Axes
   232 | D:1      | Reached XP level 2. HP: 15/19 MP: 2/2
   558 | D:1      | 558 ||| Stepping ~*~*~tactically~*~*~ (stealth).
   676 | D:1      | Reached skill level 3 in Axes
   740 | D:1      | 740 ||| Stepping ~*~*~tactically~*~*~ (stealth).
   761 | D:1      | 761 ||| Stepping ~*~*~tactically~*~*~ (stealth).
   762 | D:1      | 762 ||| Stepping ~*~*~tactically~*~*~ (stealth).
   770 | D:1      | Reached XP level 3. HP: 23/23 MP: 3/3
   775 | D:1      | 775 ||| Stepping ~*~*~tactically~*~*~ (stealth).
   776 | D:1      | 776 ||| Stepping ~*~*~tactically~*~*~ (stealth).
   777 | D:1      | 777 ||| Stepping ~*~*~tactically~*~*~ (stealth).
   778 | D:1      | 778 ||| Stepping ~*~*~tactically~*~*~ (stealth).
  1046 | D:1      | Found Bytwyos's Antique Armour Boutique.
  1049 | D:1      | 1049 ||| SHOPLISTING glowing leather armour (155 gold, have
                  | 28).
  1049 | D:1      | 1049 ||| SHOPLISTING tiger eye-studded plate armour (868
                  | gold, have 28).
  1236 | D:1      | 1236 ||| UPGRADING to +2 hat.
  1241 | D:1      | 1241 ||| UPGRADING to ring of positive energy.
  1242 | D:1      | 1242 ||| DROPPING +6 ring of intelligence.
  1243 | D:1      | 1243 ||| READING scroll labelled GARPHU KILIOJIONA.
  1244 | D:1      | 1244 ||| READING scroll labelled XURIL FURATZ.
  1249 | D:1      | 1249 ||| DRINKING 2 clear potions.
  1352 | D:2      | 1352 ||| DROPPING +0 club.
  1462 | D:2      | Identified the +1 leather armour of Elyvilon's Hope {*Slow
                  | Int+3 Dex-3 Stlth+}
  1654 | D:2      | 1654 ||| Stepping ~*~*~tactically~*~*~ (stealth).
  1673 | D:2      | Reached XP level 4. HP: 25/28 MP: 4/4
  2334 | D:2      | 2334 ||| UPGRADING to +0 chain mail.
  2344 | D:2      | 2344 ||| DROPPING +0 scale mail.
  2345 | D:2      | 2345 ||| UPGRADING to amulet of the acrobat.
  2350 | D:2      | 2350 ||| READING scroll labelled CEEDOE RIMOT.
  2351 | D:2      | 2351 ||| READING scroll labelled IFROAN FOCVA.
  2440 | D:3      | 2440 ||| Stepping ~*~*~tactically~*~*~ (stealth).
  2441 | D:3      | 2441 ||| Stepping ~*~*~tactically~*~*~ (stealth).
  2446 | D:3      | Reached skill level 4 in Axes
  2447 | D:3      | 2447 ||| Stepping ~*~*~tactically~*~*~ (stealth).
  2565 | D:3      | Found a faded altar of an unknown god.
  3203 | D:3      | Reached XP level 5. HP: 28/32 MP: 5/5
  3339 | D:4      | Noticed an ogre
  3342 | D:4      | 3342 ||| STAIRDANCE
  3342 | D:4      | HP: 8/32 [ogre/+0 giant club (24)]
  3346 | D:3      | Mangled by an ogre

Levels and vault maps discovered:
D:1:      onia_arrival_mini_maze, layout_loops_ring, serial_shops,
          nicolae_shop_behind_doors
D:2:      layout_basic
D:3:      layout_basic, hellmonk_ecumenical_altar_blasted
D:4:      layout_basic, kb_xom_exploding_sheep, grunt_dithmenos_smoke,
          ebering_ghost_disaster_area, minivault_11, feat_on_display,
          uniq_pikel, uniq_duvessa, uniq_sigmund, uniq_edmund

Skill      XL: |  1  2  3  4 |
---------------+-------------+-----
Axes           | 2 3 4 |  4.5
Fighting       | |  3.2
Armour         | |  3.2
Shields        | |  3.2

Action                   |  1- 3 |  4- 6 || total
-------------------------+-------+-------++-------
Melee: War axe           |   104 |    82 ||   186
  Use: Scroll            |     2 |     2 ||     4
       Potion            |     1 |       ||     1
Armor: Scale mail        |    44 |     8 ||    52
       Chain mail        |       |    43 ||    43
Dodge: Dodged            |    57 |    30 ||    87
Block: Buckler           |    22 |    13 ||    35

Table legend:
 A = Non-vault XP
 B = Vault XP
 C = Vault XP percentage of total XP
 D = Non-vault monster count
 E = Vault monster count
 F = Vault count percentage of total count
                 A         B        C        D         E       F
            +---------+---------+-------+---------+---------+-------
      Total |     169 |       0 |   0.0 |      54 |       0 |   0.0
            +---------+---------+-------+---------+---------+-------
        D:1 |      38 |       0 |   0.0 |      24 |       0 |   0.0
        D:2 |      59 |       0 |   0.0 |      13 |       0 |   0.0
        D:3 |      72 |       0 |   0.0 |      17 |       0 |   0.0
            +---------+---------+-------+---------+---------+-------
